 Dungeon Crawl Stone Soup version 0.31-a0-1529-g7bd419a0e5 (webtiles) character file.

Game seed: 11508720937504370427

9613 Laraso the Spear-Bearer (level 11, -2/84 (86) HPs)
             Began as a Formicid Fighter on Jan 1, 2024.
             Was a Priest of the Shining One.
             Killed from afar by an electric eel (6 damage)
             ... with a bolt of electricity
             ... on level 9 of the Dungeon.
             The game lasted 00:19:21 (13370 turns).

Laraso the Spear-Bearer (Formicid Fighter)         Turns: 13370, Time: 00:19:22

HP:   -2/84 (86)    AC: 16    Str: 22    XL:     11   Next: 77%
MP:   25/25         EV: 12    Int:  9    God:    the Shining One [***...]
Gold: 775           SH:  5    Dex: 15    Spells: 10/10 levels left

rFire   . . .        a - +0 trident
rCold   . . .        c - +0 buckler
rNeg    + . .        B - +0 acid dragon scales
rPois   .            (helmet unavailable)
rElec   .            C - +1 cloak {rCorr}
rCorr   +            (no gloves)
SInv    +            u - +0 pair of boots
Will    +....        (no amulet)
Stlth   +            e - ring of magical power
HPRegen 0.34/turn    g - +4 ring of protection
MPRegen 0.19/turn

%: clarity
@: glowing, lightly drained
A: permanent stasis, dig shafts and tunnels, antennae 3, four strong arms,
iridescent scales 1, clarity, MP-powered wands
a: Dig, Shaft Self, Renounce Religion, Divine Shield, Cleansing Flame


You were on level 9 of the Dungeon.
You worshipped the Shining One.
The Shining One was most pleased with you.
You visited 1 branch of the dungeon, and saw 11 of its levels.
You also visited: Sewer.

You collected 803 gold pieces.
You spent 28 gold pieces at shops.

Inventory:

Hand Weapons
 a - a +0 trident (weapon)
 b - a +0 glaive
Armour
 c - a +0 buckler (worn)
 t - a +0 plate armour
 u - a +0 pair of boots (worn)
 B - +0 acid dragon scales (worn)
 C - a +1 cloak of preservation (worn)
Jewellery
 e - a ring of magical power (left hand)
 g - a +4 ring of protection (right hand)
 s - a ring of fire
 y - a ring of positive energy
Wands
 j - a wand of acid (7)
 w - a wand of polymorph (8)
Scrolls
 o - 2 scrolls of enchant weapon
 p - 3 scrolls of enchant armour
 q - 4 scrolls of revelation
 z - a scroll of poison
 A - a scroll of immolation
Potions
 d - 3 potions of curing
 f - 2 potions of attraction {unknown}
 h - a potion of ambrosia {unknown}
 i - 3 potions of heal wounds
 k - 3 potions of mutation
 l - a potion of experience {unknown}
 m - a potion of resistance {unknown}
 n - 2 potions of brilliance {unknown}
 r - 4 potions of magic
 v - a potion of enlightenment {unknown}
 x - a potion of invisibility {unknown}


   Skills:
 * Level 8.0 Fighting
 - Level 14.0 Polearms
 * Level 5.1 Armour
 - Level 3.0 Dodging
 - Level 4.0 Shields
 - Level 7.0 Invocations
 - Level 4.0 Evocations


You had 10 spell levels left.
You didn't know any spells.
Your spell library contained the following spells:

 Spells                   Type           Power      Damage    Failure   Level
 Summon Small Mammal      Summ           0%         N/A       52%         1
 Call Canine Familiar     Summ           0%         N/A       88%         3
 Sigil of Binding         Hex            0%         N/A       88%         3
 Dimensional Bullseye     Hex/Tloc       0%         N/A       99%         4
 Summon Blazeheart Golem  Fire/Summ      0%         N/A       99%         4
 Summon Forest            Summ/Tloc      0%         N/A       100%        5
 Summon Mana Viper        Hex/Summ       0%         N/A       100%        5
 Conjure Ball Lightning   Conj/Air       0%         3x3d6     100%        6
 Summon Cactus Giant      Summ           0%         N/A       100%        6
 Discord                  Hex            0%         N/A       100%        8
 Disjunction              Tloc           0%         N/A       100%        8


Dungeon Overview and Level Annotations

Branches:
Dungeon (11/15)            Temple (0/1) D:7             Orc (0/2) D:9
  Sewer (visited)
   Lair: D:8-11

Altars:
Elyvilon
Hepliaklqana
Kikubaaqudgha
Nemelex Xobeh
Sif Muna
Trog
Vehumet
Wu Jian
Xom
Yredelemnul
Zin
The Shining One

Shops:
D:2 *   D:3 !   D:5 *   D:9 [


Innate Abilities, Weirdness & Mutations

You cannot be hasted, slowed, berserked, paralysed or teleported.
You can dig through walls and to a lower floor.
You have a pair of large antennae on your head. (SInv)
Your four strong arms can wield two-handed weapons with a shield.
You are partially covered in iridescent scales. (AC +2)
You possess an exceptional clarity of mind.
You expend magic power (3 MP) to strengthen your wands.


Message History

The bolt of electricity hits you!
The electric eel shoots out a bolt of lightning at you!
The bolt of electricity hits the plant!
The bolt of electricity hits you!
You reach to attack!
You closely miss the electric eel.
You reach to attack!
You hit the electric eel.
The electric eel is moderately wounded.
A nearby plant withers and dies.
The electric eel shoots out a bolt of lightning at you!
The bolt of electricity hits you!
You reach to attack!
You closely miss the electric eel.
The electric eel is moderately wounded.
The plant is in the way.
You puncture the plant!
The plant begins to die.
The plant is lightly damaged.
The electric eel shoots out a bolt of lightning at you!
The bolt of electricity hits you.
The electric eel shoots out a bolt of lightning at you!
The bolt of electricity hits the plant!
The bolt of electricity hits you!
The electric eel shoots out a bolt of lightning at you!
The bolt of electricity hits you!
The electric eel shoots out a bolt of lightning at you!
The bolt of electricity hits you!
* * * LOW HITPOINT WARNING * * *
The electric eel shoots out a bolt of lightning at you!
The bolt of electricity hits the plant! x2; The plant begins to die.
The bolt of electricity hits you.
* * * LOW HITPOINT WARNING * * *
The electric eel shoots out a bolt of lightning at you!
The bolt of electricity hits you but does no damage.
The electric eel shoots out a bolt of lightning at you!
The bolt of electricity hits you!
* * * LOW HITPOINT WARNING * * *
There is an open door here.
Unknown command.
A nearby plant withers and dies.
The electric eel shoots out a bolt of lightning at you!
The bolt of electricity hits you.
* * * LOW HITPOINT WARNING * * *
The electric eel shoots out a bolt of lightning at you!
The bolt of electricity hits you.
You die...

..# #....................#.#.....
..# #..##.#######....#..####.....
..# #.##~~~~~...##...#..####..##.
..# ###~########.##..#<.......##.
..# #.##S..P..##~#..#........##.
..# #.#≈S!~~...#~#..#........##.
..# #.#≈|$.....#.#..#........##.
..# #.#≈≈S~P..'#.#..#........##.
..####~##≈.~~..#@.#..#........##.
...##~##########~##..#.%......##.
...#~##{ #~~#...#........##.
...#~#S #)##............##.
...#.#{ #~#.............##.
...#.# #.#...###.......##.
...#'## ..#...# #..........
#.....###### .##...# #..........
#..........# ###....# #..........


You could see 3 electric eels.

Vanquished Creatures
  Erolcha (D:9)
  An arcanist (D:9)
  2 unseen horrors
  2 kobold demonologists
  Psyche (D:9)
  A troll (D:5)
  2 polar bears (D:10)
  A shadow (D:11)
  A wraith (D:9)
  5 wyverns
  A golden eye (D:10)
  A steam dragon (D:8)
  5 yaks (D:10)
  An acid dragon (D:9)
  2 water moccasins
  7 orc warriors
  2 sky beasts
  A black bear (D:6)
  An ice beast (D:5)
  An ogre (D:7)
  2 centaurs
  5 kobold brigands
  A weeping skull (D:6)
  3 brain worms
  4 bullfrogs (D:8)
  A scorpion (D:4)
  12 wights
  5 killer bees (D:9)
  4 howler monkeys
  2 bombardier beetles
  2 hounds
  8 orc priests
  A gnoll bouda (D:5)
  3 jellies
  11 orc wizards
  3 iguanas
  5 gnolls (D:5)
  A river rat (Sewer)
  11 adders
  A shadow imp (D:5)
  4 white imps
  4 ufetubi
  4 dart slugs
  3 ribbon worms
  40 orcs
  13 ball pythons
  3 bats
  8 endoplasms
  8 giant cockroaches
  9 goblins
  2 hobgoblins
  2 jackals (D:1)
  21 kobolds
  6 quokkas
  15 frilled lizards
  12 rats
  A spectral orc (D:6)
279 creatures vanquished.

Vanquished Creatures (others)
  An orc (D:9)
1 creature vanquished.

Grand Total: 280 creatures vanquished

Notes
Turn   | Place    | Note
-------+----------+-------------------------------------------
     0 | D:1      | Laraso the Formicid Fighter began the quest for the Orb.
     0 | D:1      | Reached XP level 1. HP: 18/18 MP: 1/1
    83 | D:1      | Reached XP level 2. HP: 24/24 MP: 2/2
   335 | D:1      | Reached skill level 3 in Polearms
   413 | D:1      | Reached XP level 3. HP: 28/29 MP: 3/3
   568 | D:1      | Found a faded altar of an unknown god.
   940 | D:2      | Reached skill level 4 in Polearms
   940 | D:2      | Reached XP level 4. HP: 27/35 MP: 4/4
  1189 | D:2      | Found Lelunguy's Assorted Antiques.
  1197 | D:2      | Bought a scroll labelled QATOCY WIMIED for 28 gold pieces
  1989 | D:3      | Found a glowing drain.
  2004 | Sewer    | Entered a sewer
  2082 | Sewer    | Noticed a brain worm
  2093 | Sewer    | Killed a brain worm
  2094 | Sewer    | Reached skill level 5 in Polearms
  2094 | Sewer    | Reached XP level 5. HP: 29/41 MP: 5/5
  2231 | Sewer    | Noticed a brain worm
  2245 | Sewer    | Killed a brain worm
  2246 | Sewer    | Reached skill level 6 in Polearms
  2246 | Sewer    | Reached XP level 6. HP: 33/47 MP: 6/6
  2706 | D:3      | Gained mutation: Your magical capacity is low. (-10% MP)
                  | [potion of mutation]
  2706 | D:3      | Gained mutation: Your spells are a little easier to cast,
                  | but a little less powerful. [potion of mutation]
  2707 | D:3      | Lost mutation: Your spells are a little easier to cast, but
                  | a little less powerful. [potion of mutation]
  2707 | D:3      | Lost mutation: Your magical capacity is low. (-10% MP)
                  | [potion of mutation]
  2707 | D:3      | Gained mutation: You possess an exceptional clarity of
                  | mind. [potion of mutation]
  2707 | D:3      | Gained mutation: You expend magic power (3 MP) to
                  | strengthen your wands. [potion of mutation]
  2707 | D:3      | Gained mutation: You are partially covered in iridescent
                  | scales. (AC +2) [potion of mutation]
  3110 | D:3      | Reached XP level 7. HP: 43/52 MP: 7/7
  3152 | D:3      | Found Qauly's Distillery.
  3244 | D:4      | Reached skill level 7 in Polearms
  3412 | D:4      | Found a glowing silver altar of Zin.
  3413 | D:4      | Found a white marble altar of Elyvilon.
  3414 | D:4      | Found a glowing golden altar of the Shining One.
  3455 | D:4      | Became a worshipper of the Shining One
  4003 | D:5      | Entered Level 5 of the Dungeon
  4158 | D:5      | Found Ribit's General Store.
  4208 | D:5      | Found a hazy altar of Hepliaklqana.
  4270 | D:5      | Reached skill level 5 in Fighting
  4380 | D:5      | Found an ornate altar of the Wu Jian Council.
  4397 | D:5      | Reached skill level 5 in Armour
  4397 | D:5      | Reached skill level 1 in Dodging
  4397 | D:5      | Reached XP level 8. HP: 55/62 MP: 8/8
  4480 | D:5      | Noticed a troll
  4484 | D:5      | Reached * piety under the Shining One
  4491 | D:5      | HP: 3/62 [troll (7)]
  4497 | D:5      | Killed a troll
  5016 | D:5      | Identified the +1 leather armour of Fedhas's Supremacy
                  | {+Inv}
  5167 | D:5      | Reached skill level 8 in Polearms
  5360 | D:6      | Reached XP level 9. HP: 37/68 MP: 9/9
  5711 | D:6      | Reached skill level 9 in Polearms
  6219 | D:6      | Found a basalt altar of Yredelemnul.
  6748 | D:7      | Found a staircase to the Ecumenical Temple.
  6863 | D:7      | Reached skill level 10 in Polearms
  6875 | D:7      | Reached skill level 1 in Invocations
  7303 | D:7      | Found a shimmering blue altar of Sif Muna.
  7304 | D:7      | Found an ancient bone altar of Kikubaaqudgha.
  7371 | D:5      | You fall into a shaft and drop 3 floors!
  7434 | D:8      | Reached ** piety under the Shining One
  7604 | D:5      | You fall into a shaft and drop 3 floors!
  8288 | D:7      | Reached skill level 11 in Polearms
  8329 | D:7      | Reached XP level 10. HP: 56/74 MP: 13/13
  8475 | D:7      | Noticed an unseen horror
  8497 | D:7      | Killed an unseen horror
  8693 | D:7      | Found a shimmering altar of Xom.
  8931 | D:7      | Found a radiant altar of Vehumet.
  9151 | D:8      | Reached skill level 5 in Invocations
  9366 | D:8      | Reached skill level 12 in Polearms
  9393 | D:8      | HP: 3/69 [wight/+5 dire flail (9)]
 10028 | D:8      | Reached *** piety under the Shining One
 10919 | D:9      | Noticed Erolcha
 10922 | D:9      | Noticed Psyche
 10993 | D:9      | Killed Psyche
 11032 | D:9      | Killed Erolcha
 11033 | D:9      | Reached skill level 13 in Polearms
 11033 | D:9      | Reached XP level 11. HP: 70/79 MP: 16/16
 11033 | D:9      | Found a sparkling altar of Nemelex Xobeh.
 11147 | D:9      | Found a staircase to the Orcish Mines.
 11147 | D:9      | Found Diecw's Armour Boutique.
 11192 | D:9      | Identified the +0 leather armour of Ignis's Righteous Fury
                  | {-Cast -Tele rPois Will+++}
 11627 | D:9      | Noticed Maurice
 11641 | D:9      | Maurice stole 588 gold
 11647 | D:9      | Maurice stole a ring of fire
 11652 | D:9      | Maurice changed into Maurice the brain worm
 11652 | D:9      | Noticed Maurice
 11653 | D:9      | Killed Maurice the brain worm
 11665 | D:9      | You fall into a shaft and drop 2 floors!
 11902 | D:11     | Reached skill level 14 in Polearms
 12009 | D:10     | Entered Level 10 of the Dungeon
 12172 | D:10     | Identified the +1 ring mail of Death's Door {+Blink}
 12574 | D:10     | Found a bloodstained altar of Trog.
 12600 | D:10     | Reached skill level 1 in Evocations
 13322 | D:9      | Noticed an arcanist
 13334 | D:9      | Killed an arcanist
 13370 | D:9      | HP: 4/84 [electric eel/bolt of electricity (4)]
 13370 | D:9      | Killed from afar by an electric eel

Illustrated notes

Levels and vault maps discovered:
D:1:      ncdulo_smallfort, layout_rooms, chequers_ecumenical_altar_island,
          roderic_lattice_a, minmay_tetromino_t4
D:2:      layout_basic, serial_shops, shop
D:3:      layout_basic, serial_shops, nicolae_shop_statue_plus,
          gup_sewer_entry_pipe, grunt_decor_clamped, minmay_lizard_king
D:4:      layout_loops_ring, good_gods_temple_1, kennysheep_cross_room,
          serial_bayou_pond_b
D:5:      layout_basic, nicolae_wu_jian_immortal_techniques,
          mainiacjoe_overflow_tiny_flanked, serial_shops, shop_statue,
          minmay_misc_feat_alley
D:6:      layout_loops_corners, yredelemnul_forgotten_temple_becter,
          supply_closet_lemuel
D:7:      nicolae_cairo_tiling_very_big, layout_layer_cave, lemuel_tele_altar,
          grunt_temple_overflow_open, xom_butterflies,
          minmay_temple_entry_drinking_statues
D:8:      layout_loops_ring, minmay_between
D:9:      cheibrodos_two_vegetables, layout_long_grid,
          mainiacjoe_overflow_cross_hatched, erik_lair_dragon, orc_david_3,
          uniq_maurice, uniq_psyche, uniq_erolcha
D:10:     layout_basic, trog_ov_bears_minmay, serial_bayou_pond_e
D:11:     layout_basic, serial_shops, nicolae_shop_peninsula,
          ebering_ghost_inner_flame

Skill      XL: |  1  2  3  4  5  6  7  8  9 10 11 |
---------------+----------------------------------+-----
Polearms       | 3 4 5 6 7 8 11 13 14 | 14.0
Fighting       | 5 8 |  8.0
Armour         | 5 |  5.1
Dodging        | 1 3 |  3.0
Invocations    | 4 7 |  7.0
Evocations     | 4 |  4.0
Shields        | |  4.0

Action                     |  1- 3 |  4- 6 |  7- 9 | 10-12 || total
---------------------------+-------+-------+-------+-------++-------
  Melee: Trident           |   100 |   168 |   397 |   463 ||  1128
         Short sword       |       |       |    22 |       ||    22
         Unarmed           |       |       |     8 |       ||     8
         Long sword        |       |       |     3 |       ||     3
         Glaive            |       |       |       |    53 ||    53
 Invoke: Divine Shield     |       |       |     1 |     2 ||     3
Ability: Dig               |       |       |     4 |     4 ||     8
         Shaft Self        |       |       |     2 |     1 ||     3
  Evoke: Wand              |       |       |       |     3 ||     3
    Use: Scroll            |     4 |     5 |     3 |     5 ||    17
         Potion            |       |     2 |     3 |     1 ||     6
 Armour: Scale mail        |    47 |    77 |    86 |       ||   210
         Chain mail        |       |       |   220 |    89 ||   309
         Plate armour      |       |       |       |   203 ||   203
         Acid dragon scale |       |       |       |    17 ||    17
  Dodge: Dodged            |    33 |    46 |   162 |    86 ||   327
  Block: Buckler           |    18 |    31 |    99 |    73 ||   221

Table legend: (Time is in decaauts)
 A = Elapsed time spent in this place.
 B = Non-inter-level travel time spent in this place.
 C = Inter-level travel time spent in this place.
 D = Time resting spent in this place.
 E = Time spent auto-exploring this place.
 F = Levels seen in this place.
 G = Mean time per level.
                   A        B        C        D        E       F      G
               +--------+--------+--------+--------+--------+-----+--------+
         Total |  13289 |  12632 |    657 |   2848 |   7001 |  12 | 1107.4 |
       Dungeon |  12842 |  12185 |    657 |   2848 |   6697 |  11 | 1167.5 |
         Sewer |    446 |    446 |      0 |      0 |    303 |   1 |  446.0 |
               +--------+--------+--------+--------+--------+-----+--------+

Top non-repeatable levels by time:
     D:6: 1745 daAuts
     D:8: 1709 daAuts
     D:7: 1652 daAuts
     D:5: 1561 daAuts
     D:2: 1201 daAuts
     D:9: 1123 daAuts
    D:10: 975 daAuts
     D:3: 896 daAuts
     D:1: 843 daAuts
     D:4: 793 daAuts
   Sewer: 446 daAuts
    D:11: 340 daAuts
